 Dungeon Crawl Stone Soup version 0.31-a0-819-gf6de2f5ab6 (webtiles) character file.

Game seed: 1493923289386480109

56 qw the Shooter (level 3, -2/23 HPs)
             Began as a Gargoyle Hunter on Sept 23, 2023.
             Slain by a gnoll
             ... wielding a +0 spear
              (8 damage)
             ... on level 2 of the Dungeon.
             The game lasted 00:00:25 (1169 turns).

qw the Shooter (Gargoyle Hunter)                    Turns: 1169, Time: 00:00:26

Health: -2/23      AC:  8    Str: 14    XL:     3   Next: 95%
Magic:  3/3        EV: 11    Int:  9    God:
Gold:   90         SH:  0    Dex: 15    Spells: 2/2 levels left

rFire   . . .        Y - +1 shortbow
rCold   + . .        (shield currently unavailable)
rNeg    + . .        c - +0 leather armour
rPois   inf          (no helmet)
rElec   +            j - scarf {repulsion}
rCorr   .            i - +1 pair of gloves
SInv    .            (no boots)
Will    .....        (no amulet)
Stlth   ++           h - ring of protection from cold
HPRegen 0.23/turn    (no ring)
MPRegen 0.08/turn

%: repel missiles
@: no status effects
A: sickness immunity, AC +3, negative energy resistance 1, electricity
resistance, torment resistance 1, petrification resistance
a: no special abilities


You were on level 2 of the Dungeon.
You visited 1 branch of the dungeon, and saw 2 of its levels.

You collected 90 gold pieces.


Innate Abilities, Weirdness & Mutations

You are immune to sickness and miasma.
Your stone body is resilient. (AC +3)
You are immune to poison.
You resist negative energy. (rN+)
You are resistant to electric shocks. (rElec)
You are resistant to unholy torment.
You are immune to petrification.


   Skills:
 - Level 3.2 Fighting
 + Level 5.0 Ranged Weapons
 - Level 1.5 Dodging
 - Level 1.1 Stealth


You had 2 spell levels left.
You didn't know any spells.
Your spell library was empty.

Inventory:

Hand Weapons
 Y - a +1 shortbow (weapon)
Armour
 c - a +0 leather armour (worn)
 i - a +1 pair of gloves (worn)
 j - a scarf of repulsion (worn)
Jewellery
 h - a ring of protection from cold (left hand)
Scrolls
 a - a scroll of identify {unknown}
Potions
 e - a potion of heal wounds {unknown}
 k - a potion of ambrosia {unknown}

Dungeon Overview and Level Annotations

Branches:
Dungeon (2/15)

Altars:


Message History

1160 ||| Stepping ~*~*~tactically~*~*~ (retreating).
The gnoll attacks as it pursues you! The gnoll barely misses you.
The adder bites you but does no damage.
1161 |||
Found retreat position at -1,-3 (floor) with 0 blocking monsters and 3 monsters attacking at destination at distance 3
1161 ||| Stepping ~*~*~tactically~*~*~ (retreating).
The adder attacks as it pursues you! The adder barely misses you.
The gnoll attacks as it pursues you! The gnoll closely misses you.
1162 |||
Found retreat position at -1,-2 (floor) with 0 blocking monsters and 3 monsters attacking at destination at distance 2
1162 ||| Stepping ~*~*~tactically~*~*~ (retreating).
The adder attacks as it pursues you! The adder closely misses you.
The adder barely misses you.
1163 |||
Found retreat position at 0,-1 (floor) with 0 blocking monsters and 3 monsters attacking at destination at distance 1
1163 ||| Stepping ~*~*~tactically~*~*~ (retreating).
You shoot an arrow. The arrow hits the gnoll.
The gnoll is moderately wounded.
The gnoll hits you with a +0 whip. The adder bites you but does no damage.
The gnoll hits you with a +0 whip. The gnoll misses you.
You shoot an arrow. The arrow barely misses the gnoll.
The adder barely misses you. The adder closely misses you.
The gnoll hits you with a +0 whip. The gnoll misses you.
You shoot an arrow. The arrow hits the gnoll!
The gnoll is almost dead.
The adder misses you. The gnoll hits you but does no damage.
The gnoll barely misses you.
You shoot an arrow.
The arrow hits the gnoll but does no damage.
The gnoll is almost dead.
The adder bites you.
The gnoll hits you but does no damage. x2
The adder barely misses you.
You shoot an arrow. The arrow hits the gnoll.
You kill the gnoll!
The adder misses you. The gnoll closely misses you.
The adder bites you but does no damage. The gnoll barely misses you.
Your Fighting skill increases to level 3!
You shoot an arrow. The arrow hits the gnoll!
The gnoll is heavily wounded.
The gnoll closely misses you. The adder bites you but does no damage.
The gnoll barely misses you.
The gnoll hits you from afar with a +0 spear!
You die...

#...##.........#
#####...##.###...#..
................>##.
#####...##.....#..)>
#...########.##.
#...# #....
#..######...#####
#.###
#......#.......# #.#
#@#.......# #.#
#SgK......# #.#
##g.......# #.#
####..##....# ...
#...........#
#...........#
#...)...%####
#####..###
#.......##


You could see 2 gnolls, an adder and a kobold.

Vanquished Creatures
  2 gnolls (D:2)
  A worm (D:2)
  5 bats
  An endoplasm (D:1)
  4 hobgoblins (D:1)
  4 jackals (D:1)
  3 quokkas
  5 goblins
  3 kobolds (D:1)
  2 rats (D:1)
30 creatures vanquished.

Notes
Turn   | Place    | Note
-------+----------+-------------------------------------------
     0 | D:1      | qw the Gargoyle Hunter began the quest for the Orb.
     0 | D:1      | Reached XP level 1. HP: 12/12 MP: 1/1
     0 | D:1      | 0 ||| qw: Version: 0.3-a-83-gcd0e7d8
     0 | D:1      | 0 ||| qw: Game counter: 1491
     0 | D:1      | 0 ||| qw: Melee chars always use a shield: true
     0 | D:1      | 0 ||| qw: God list: Okawaru
     0 | D:1      | 0 ||| qw: Allow faded altars: false
     0 | D:1      | 0 ||| qw: Do Orc after clearing Dungeon:15 true
     0 | D:1      | 0 ||| qw: Do second Lair branch before Depths: true
     0 | D:1      | 0 ||| qw: Lair rune preference: random
     0 | D:1      | 0 ||| qw: Goals: Normal
     0 | D:1      | 0 ||| PLANNING D:1-11
    75 | D:1      | Reached XP level 2. HP: 17/17 MP: 2/2
   551 | D:1      | 551 ||| Stepping ~*~*~tactically~*~*~ (water).
   553 | D:1      | Reached XP level 3. HP: 21/21 MP: 3/3
   699 | D:1      | Found a faded altar of an unknown god.
   806 | D:1      | Reached skill level 5 in Ranged Weapons
  1031 | D:1      | 1031 ||| UPGRADING to +1 pair of gloves.
  1036 | D:1      | 1036 ||| UPGRADING to scarf of repulsion.
  1041 | D:1      | 1041 ||| UPGRADING to ring of protection from cold.
  1042 | D:1      | 1042 ||| READING scroll labelled XAZEUH XUABIASS.
  1043 | D:1      | 1043 ||| READING scroll labelled VOQERU XABAURGH.
  1044 | D:1      | 1044 ||| READING scroll labelled WUONLAUDEQ.
  1045 | D:1      | 1045 ||| DROPPING scroll of butterflies.
  1144 | D:2      | 1144 ||| RETREEAATING.
  1150 | D:2      | 1150 ||| Stepping ~*~*~tactically~*~*~ (retreating).
  1151 | D:2      | 1151 ||| Stepping ~*~*~tactically~*~*~ (retreating).
  1152 | D:2      | 1152 ||| Stepping ~*~*~tactically~*~*~ (retreating).
  1153 | D:2      | 1153 ||| Stepping ~*~*~tactically~*~*~ (retreating).
  1154 | D:2      | 1154 ||| Stepping ~*~*~tactically~*~*~ (retreating).
  1155 | D:2      | 1155 ||| Stepping ~*~*~tactically~*~*~ (retreating).
  1158 | D:2      | 1158 ||| STILL RETREEAATING.
  1159 | D:2      | 1159 ||| Stepping ~*~*~tactically~*~*~ (retreating).
  1160 | D:2      | 1160 ||| Stepping ~*~*~tactically~*~*~ (retreating).
  1161 | D:2      | 1161 ||| Stepping ~*~*~tactically~*~*~ (retreating).
  1162 | D:2      | 1162 ||| Stepping ~*~*~tactically~*~*~ (retreating).
  1163 | D:2      | 1163 ||| Stepping ~*~*~tactically~*~*~ (retreating).
  1169 | D:2      | Reached skill level 3 in Fighting
  1169 | D:2      | Slain by a gnoll

Levels and vault maps discovered:
D:1:      scummos_arrival_forest, layout_basic, serial_rivers,
          chequers_serial_rivers_micro_e, chequers_serial_rivers_small_b,
          chequers_serial_rivers_room_a, chequers_serial_rivers_large_b,
          chequers_serial_rivers_micro_a, chequers_serial_rivers_marsh,
          dreamdust_ecumenical_altar_hidden_monk_grotto, serial_bayou_lagoon_a,
          minmay_tiny_reverse_x
D:2:      layout_basic, kennysheep_generic_room_14

Skill      XL: |  1  2  3 |
---------------+----------+-----
Ranged Weapons | 5 |  5.0
Fighting       | 3 |  3.2
Dodging        | |  1.5
Stealth        | |  1.1

Action                     || total
---------------------------++-------
   Fire: Shortbow          ||    84
    Use: Scroll            ||     3
 Armour: Leather armour    ||    26
  Dodge: Dodged            ||    31

Table legend:
 A = Non-vault XP
 B = Vault XP
 C = Vault XP percentage of total XP
 D = Non-vault monster count
 E = Vault monster count
 F = Vault count percentage of total count
                 A         B        C        D         E       F
            +---------+---------+-------+---------+---------+-------
      Total |      77 |       3 |   3.8 |      28 |       2 |   6.7
            +---------+---------+-------+---------+---------+-------
        D:1 |      36 |       3 |   7.7 |      21 |       2 |   8.7
        D:2 |      41 |       0 |   0.0 |       7 |       0 |   0.0
            +---------+---------+-------+---------+---------+-------
